[Event "*** SCC Grand Prix: Titled Tuesday Blitz"]
[Site "Chess.com"]
[Date "2020.06.09"]
[Round "9"]
[White "GM_LOADING"]
[Black "Meri-Arabidze"]
[Result "1-0"]
[WhiteElo "2515"]
[BlackElo "2640"]
[TimeControl "180+1"]
[EndTime "10:47:34 PDT"]
[Termination "GM_LOADING won on time"]

1. e4 c5 2. Nf3 e6 3. d4 cxd4 4. Nxd4 Nc6 5. Nc3 a6 6. Nxc6 bxc6 7. Bd3 d5 8. Qf3 Nf6 9. O-O Be7 10. Qg3 O-O 11. Bh6 Ne8 12. Bd2 Bh4 13. Qf3 Bg5 14.
Rad1 Bxd2 15. Rxd2 Rb8 16. b3 Qf6 17. Qxf6 Nxf6 18. Rfd1 Rb4 19. a3 Rb8 20. Na4 Nd7 21.
Be2 a5 22. h3 h6 23. Re1 Nf6 24. Nc5 Nd7 25. Na4 g5 26. Bd1 Kg7 27. Re3 Nb6 28. Nc5 a4 29. Rc3 axb3 30. cxb3 Nd7 31. b4 Ne5 32.
Be2 Ra8 33. g3 f5 34. exf5 exf5 35. f4 Ng6 36. Bh5 Re8 37. Bxg6 Kxg6 38. Nd3 Re6 39. Ne5+ Kg7 40. Nxc6 Bb7 41. Ne5 Re7 42. Kf2 Rd8 43.
Rd4 h5 44. h4 gxh4 45. gxh4 Kh7 46. a4 Rg8 47. a5 Ba6 48. Rc6 Bb5 49. Rc5 Bc4 50. b5 Reg7 51. b6 Rg2+ 52. Ke1 Re2+ 53. Kf1 Rc2+ 54. Nxc4 dxc4 55. b7 Rgg2 56. Rd7+ 1-0

[Event "*** SCC Grand Prix: Titled Tuesday Blitz"]
[Site "Chess.com"]
[Date "2020.06.09"]
[Round "9"]
[White "Sanyura"]
[Black "Training_Day"]
[Result "0-1"]
[WhiteElo "2465"]
[BlackElo "2330"]
[TimeControl "180+1"]
[EndTime "10:47:34 PDT"]
[Termination "Training_Day won by resignation"]

1. e4 e5 2. Nf3 Nc6 3. Bb5 a6 4. Ba4 Nf6 5. O-O Nxe4 6. d4 Be7 7. d5 Nc5 8. Bb3 e4 9. dxc6 exf3 10. Qxf3 Nxb3 11.
cxd7+ Bxd7 12. axb3 Bc6 13. Qg3 O-O 14. Nc3 Bd6 15. Bf4 Bxf4 16. Qxf4 Re8 17. Rad1 Qe7 18. h3 Rad8 19. Rxd8 Rxd8 20. b4 h6 21. Qg4 Qe5 22. f4 Qe3+ 23. Kh2 Rd2 24. Qc8+ Qe8 25. Qxe8+ Bxe8 26. Re1 Bc6 27. Re2 Rd4 28. Kg3 Rxb4 29. b3 Kf8 30. Rd2 Ke7 31. Re2+ Kf6 32. Rd2 Kf5 33. Ne2 Re4 34. Nd4+ Kf6 35. Nxc6 bxc6 36. Rd7 Re2 37. Rxc7 Rxc2 38. Ra7 Rc3+ 39. Kg4 Rxb3 40.
Rxa6 Rc3 41. Ra5 g6 42. g3 h5+ 43. Kh4 Ke6 44. Ra7 c5 45. Ra6+ Kd5 46. Ra7 f6 47.
Ra6 g5+ 48. fxg5 fxg5+ 49. Kxg5 Rxg3+ 50. Kxh5 c4 51. Kh4 Rg1 52. Ra8 c3 53. Rd8+ Kc4 54. Rc8+ Kb3 55. Kh5 c2 56. Rb8+ Kc3 57. Rc8+ Kd2 58.
Rd8+ Ke3 59. Rc8 c1=Q 60. Rxc1 Rxc1 61. Kg6 Rh1 62. h4 Rxh4 63. Kg5 Ra4 64. Kf5 Re4 0-1

[Event "*** SCC Grand Prix: Titled Tuesday Blitz"]
[Site "Chess.com"]
[Date "2020.06.09"]
[Round "9"]
[White "Vision_64"]
[Black "mfwagnerpeixoto"]
[Result "0-1"]
[WhiteElo "2143"]
[BlackElo "2267"]
[TimeControl "180+1"]
[EndTime "10:47:35 PDT"]
[Termination "mfwagnerpeixoto won by resignation"]

1. e4 c5 2. Nf3 Nc6 3. b4 cxb4 4.
d4 d5 5. exd5 Qxd5 6. c4 Qe4+ 7.
Be2 Nf6 8. O-O e6 9. Bd3 Qg4 10. h3 Qh5 11. d5 exd5 12. Re1+ Be6 13. Nbd2 Rd8 14. Qa4 Bc5 15. cxd5 Qxd5 16. Bc4 Qd7 17.
Nb3 Bb6 18. Bg5 O-O 19. Bxf6 gxf6 20. Qb5 Ne5 21. Nxe5 Qxb5 22. Bxb5 fxe5 23. Rxe5 Kh8 24. Rae1 Bxb3 25. axb3 Rd2 26. R1e2 Rfd8 27. Rxd2 Rxd2 28. Re2 Rxe2 29. Bxe2 Kg7 30. Kf1 Kf6 31. Bf3 Bc5 32. Bxb7 Ke5 33. Ke2 Kd4 34. f3 Kc3 35. Bd5 f6 36. g4 Kd4 37. Bc4 a5 38. Kd2 h6 39.
Bf7 Ke5 40. Ke2 Kf4 41. h4 Kg3 42. g5 fxg5 43. hxg5 hxg5 44. Be6 Kf4 45. Kd3 Kxf3 46. Kc4 Bf8 47. Kb5 g4 48. Bd5+ Kf2 49. Kxa5 g3 50. Kb5 g2 51. Bxg2 Kxg2 52. Kc4 Kf2 53. Kd3 Ke1 54. Kc2 Ke2 55. Kc1 Kd3 56. Kb2 Kd2 57.
Kb1 Kc3 58. Ka2 Bc5 59. Kb1 Kxb3 60. Kc1 Ka2 61. Kc2 b3+ 62. Kd3 b2 63. Kc4 b1=Q 64. Kxc5 Qe4 0-1

[Event "*** SCC Grand Prix: Titled Tuesday Blitz"]
[Site "Chess.com"]
[Date "2020.06.09"]
[Round "9"]
[White "WiktoriaPOL"]
[Black "PetrolulSah"]
[Result "1-0"]
[WhiteElo "2057"]
[BlackElo "2231"]
[TimeControl "180+1"]
[EndTime "10:47:35 PDT"]
[Termination "WiktoriaPOL won by checkmate"]

1. c4 Nf6 2. Nc3 c6 3. e4 e5 4. d4 Bb4 5. dxe5 Nxe4 6. Qf3 Qa5 7. Ne2 d5 8. exd6 Nxd6 9. a3 O-O 10. Rb1 Bxc3+ 11. Qxc3 Qf5 12. Ra1 Re8 13. Be3 Ne4 14. Qc2 c5 15. Rd1 Nc6 16. Rd5 Qg6 17. g3 Ng5 18. Qxg6 Nf3+ 19. Kd1 hxg6 20. Bg2 Nce5 21. Bxf3 Nxf3 22. Rxc5 Bg4 23. Kc2 Ne5 24. Nf4 Bf3 25. Rc1 b6 26. Rc7 Be4+ 27. Kb3 g5 28. Nd5 Nd3 29. Rd1 a5 30. Re7 a4+ 31. Ka2 Red8 32.
Rxe4 Nc5 33. Nc3 Nxe4 34. Rxd8+ Rxd8 35. Nxe4 f6 36. Bxb6 Re8 37. Nc3 Kf7 38. c5 Ke6 39. c6 Rc8 40. c7 Kd6 41. b4 Kc6 42. Ba5 f5 43. Nxa4 f4 44. Nc3 f3 45. b5+ Kb7 46.
b6 g4 47. Ne4 Ra8 48. Nd6+ Kc6 49. c8=Q+ Rxc8 50. Nxc8 Kd7 51. b7 Kc6 52. b8=Q Kd7 53. Qb7+ Ke6 54. Qc7 Kd5 55. Qd6+ Kc4 56. Nb6+ Kb5 57.
Qd5+ Ka6 58. Qc4+ Kb7 59. Nd5 Ka7 60. Qc7+ Ka6 61. Qb6# 1-0

[Event "*** SCC Grand Prix: Titled Tuesday Blitz"]
[Site "Chess.com"]
[Date "2020.06.09"]
[Round "9"]
[White "mbachez"]
[Black "PavelShkapenko"]
[Result "1-0"]
[WhiteElo "2539"]
[BlackElo "2660"]
[TimeControl "180+1"]
[EndTime "10:47:36 PDT"]
[Termination "mbachez won by resignation"]

1. e4 c5 2. Nf3 e6 3. g3 Nc6 4. Bg2 Nf6 5. Qe2 d5 6. e5 Nd7 7. O-O Be7 8. d3 Qc7 9. Re1 b6 10. Bf4 h6 11. h4 Bb7 12. Nc3 a6 13. Nxd5 exd5 14. e6 Qd8 15. exd7+ Qxd7 16. Ne5 Nxe5 17. Qxe5 Kf8 18. Bh3 Qd8 19. c3 Bf6 20. Qd6+ Qxd6 21.
Bxd6+ Kg8 22. Bc7 b5 23. Be5 Bxe5 24. Rxe5 Kf8 25. Rae1 Bc6 26. d4 c4 27. Bg2 Rd8 28.
Re7 g6 29. Rc7 Rd6 30. Ra7 Bd7 31. f4 Be6 32. Bf3 Kg7 33. g4 Rb8 34. Kf2 b4 35. Re2 bxc3 36. bxc3 Rb1 37. g5 hxg5 38. fxg5 Rc1 39.
Re3 Rc2+ 40. Kg3 Rxa2 41. h5 gxh5 42. Bxh5 Rd7 43. Rxd7 Bxd7 44. Re7 Be6 45. Ra7 Kf8 46. Kf4 Rf2+ 47. Ke5 Rf5+ 48. Kd6 Rxg5 49. Bf3 Rg6 50.
Bxd5 Bxd5+ 51. Kxd5 Kg7 52. Kxc4 Re6 53. d5 Re5 54. Kd4 Re8 55. c4 Kg6 56. c5 f5 57.
c6 Kf6 58. Rxa6 f4 59. Ra3 Kf5 60. Rf3 Kg4 61. Rf1 f3 62. d6 Kf4 63. c7 Re6 64. Kd5 Re8 65. d7 Re5+ 66. Kd6 1-0

[Event "*** SCC Grand Prix: Titled Tuesday Blitz"]
[Site "Chess.com"]
[Date "2020.06.09"]
[Round "9"]
[White "viktorskliarov"]
[Black "Mikasinski"]
[Result "1/2-1/2"]
[WhiteElo "2596"]
[BlackElo "2440"]
[TimeControl "180+1"]
[EndTime "10:47:39 PDT"]
[Termination "Game drawn - insufficient material"]

1. e4 c5 2. Nf3 d6 3. d4 cxd4 4. Qxd4 a6 5. Be3 Nc6 6. Qd2 Nf6 7. Nc3 g6 8. O-O-O Bg7 9. e5 dxe5 10. Qxd8+ Nxd8 11. Nxe5 Be6 12. Be2 O-O 13. Bf3 Rb8 14. Na4 Nd5 15. Nxg6 Nxe3 16. Nxe7+ Kh8 17. fxe3 Bh6 18.
Rhe1 Re8 19. Nd5 Bxd5 20. Bxd5 Rxe3 21. Rxe3 Bxe3+ 22. Kb1 b5 23. Nc3 Kg7 24. a4 bxa4 25. Nxa4 Rb4 26. b3 Rf4 27. Rd3 Rf1+ 28. Kb2 Bf4 29. g3 Be5+ 30. Nc3 Rf2 31. h4 Ne6 32. Bxe6 fxe6 33. b4 Rg2 34. Re3 Kf6 35. Kb3 Kf5 36. Ne4 Bd4 37. Re1 h5 38. c3 Be5 39. Re3 Bc7 40. Kc4 Be5 41. Kc5 Bb8 42. Kc6 Ba7 43.
Nc5 Bb8 44. Rxe6 Bxg3 45. Re4 Bf2 46. Rc4 Rg4 47. Kd5 Bxh4 48. Nxa6 Rxc4 49. Kxc4 Be1 50. Kd3 h4 51. Ke2 Bxc3 52. b5 Kg4 53. Kf1 Be5 54.
Kg2 h3+ 55. Kh1 Kg3 56. b6 Kf3 57. b7 Ke4 58. b8=Q Bxb8 59. Nxb8 Kd5 60. Kh2 Kd6 61. Kxh3 1/2-1/2

[Event "*** SCC Grand Prix: Titled Tuesday Blitz"]
[Site "Chess.com"]
[Date "2020.06.09"]
[Round "9"]
[White "ZarinaShafigullina"]
[Black "awesomevishesh"]
[Result "1-0"]
[WhiteElo "2253"]
[BlackElo "2389"]
[TimeControl "180+1"]
[EndTime "10:47:39 PDT"]
[Termination "ZarinaShafigullina won by resignation"]

1. d4 Nf6 2. Nf3 g6 3. g3 Bg7 4. Bg2 O-O 5. O-O d6 6. c4 Nc6 7.
Nc3 e5 8. d5 Nb8 9. e4 a5 10. Ne1 Na6 11. Nd3 Nd7 12. Be3 b6 13. a3 f5 14. f3 Ndc5 15. Nxc5 bxc5 16. Qd2 Bd7 17. Rae1 a4 18. Kh1 Rb8 19. Re2 Rb3 20. Rc1 Qb8 21. Rc2 f4 22. gxf4 exf4 23. Bxf4 Bxc3 24.
bxc3 Rb1+ 25. Rc1 Rxc1+ 26. Qxc1 Rxf4 27. Rb2 Qf8 28. Rb7 Bc8 29. Ra7 Kg7 30. Ra8 g5 31.
Bh3 g4 32. Bxg4 Rxg4 33. fxg4 Qf3+ 34. Kg1 Qxg4+ 35. Kf2 Qh4+ 36. Kg1 Bh3 37. Qe3 Qh5 38. Qg3+ Kh6 39. Qf4+ Kg7 40. Qf8+ Kg6 41. Qe8+ Kh6 42. Qxh5+ Kxh5 43. Rxa6 Kg5 44. Rxa4 Kf4 45. Ra7 Kxe4 46. Rxc7 Kd3 47. a4 Kxc4 48. a5 Kb5 49. Rxh7 Kxa5 50. Rxh3 Kb5 51. Rg3 Kc4 52. h4 Kxd5 53. h5 Ke5 54. h6 Kf4 55. Kg2 d5 56. h7 d4 57.
cxd4 cxd4 58. h8=Q d3 59. Rxd3 1-0

[Event "*** SCC Grand Prix: Titled Tuesday Blitz"]
[Site "Chess.com"]
[Date "2020.06.09"]
[Round "9"]
[White "manmanlai1"]
[Black "goldenpuppy"]
[Result "1-0"]
[WhiteElo "2390"]
[BlackElo "2220"]
[TimeControl "180+1"]
[EndTime "10:47:39 PDT"]
[Termination "manmanlai1 won by resignation"]

1. e4 c5 2. Nf3 d6 3. Bb5+ Nd7 4. d4 cxd4 5. Qxd4 a6 6. Bxd7+ Bxd7 7. O-O e5 8. Qd3 Rc8 9. c4 Be6 10. b3 Be7 11.
Nc3 h6 12. a4 Nf6 13. Rd1 O-O 14. Nd2 Qc7 15. Nf1 Rfd8 16. Ne3 Qb8 17. Ba3 Bf8 18. Rd2 Rc6 19. f3 Nd7 20. Ned5 Bxd5 21. Qxd5 Nf6 22. Qd3 Qa7+ 23. Kh1 Kh7 24. Rdd1 b6 25. Bc1 g5 26.
Be3 Qb7 27. Rd2 Nh5 28. Nd5 Nf4 29. Bxf4 gxf4 30. h3 Be7 31. Qe2 Rg8 32. Rad1 Qd7 33.
Nb4 Rcc8 34. Nxa6 Rg6 35. Nb4 Rcg8 36. Nd5 Bd8 37. Qf1 Rg3 38. Rf2 Bh4 39. Rdd2 Qb7 40. Ra2 R3g6 41. Rfc2 Bd8 42. b4 Rg3 43. Qg1 Qd7 44.
Qf1 f5 45. exf5 Qxf5 46. a5 bxa5 47. bxa5 Bxa5 48. Ne7 Qf7 49. Nxg8 Bc7 50. Ra7 Rxg8 51. c5 d5 52. Rb2 Kh8 53. Rbb7 Rc8 54. Qb5 Qg6 55. Qd7 Rg8 56. Ra2 Bd8 57. Qxd5 Bh4 58. Qxe5+ Bf6 59. Qe4 Qxe4 60. fxe4 Rd8 61. Kg1 Bh4 62. Kf1 Rd1+ 63. Ke2 Re1+ 64. Kf3 Re3+ 65. Kxf4 Rg3 66. Ra8+ Rg8 67. Rxg8+ Kxg8 68. c6 1-0

[Event "*** SCC Grand Prix: Titled Tuesday Blitz"]
[Site "Chess.com"]
[Date "2020.06.09"]
[Round "9"]
[White "Nyzhnyk_Illia"]
[Black "Andreikka"]
[Result "0-1"]
[WhiteElo "2887"]
[BlackElo "2932"]
[TimeControl "180+1"]
[EndTime "10:47:40 PDT"]
[Termination "Andreikka won on time"]

1. d4 Nf6 2. Nf3 d5 3. g3 e6 4. c4 Bb4+ 5. Bd2 Be7 6. Bg2 O-O 7. O-O Nbd7 8. Qc2 c6 9. Bf4 b6 10. Ne5 Bb7 11. cxd5 Nxe5 12. d6 Nf3+ 13. Bxf3 Bxd6 14. Rd1 Bxf4 15. gxf4 Qe7 16. Nc3 Rfd8 17. e3 c5 18. Bxb7 Qxb7 19. dxc5 bxc5 20. Qe2 h6 21. Rac1 Rab8 22.
b3 Qb4 23. Na4 Ne4 24. f3 Nf6 25. Rc4 Qa3 26. Rxd8+ Rxd8 27. Nxc5 Nd5 28. Nd3 Qa5 29. Kf2 Nb6 30. Rc2 Qh5 31. Kf1 Nd5 32. Ne5 f6 33. Ng4 Qg6 34. Rd2 Rc8 35. Nf2 Rc1+ 36. Rd1 Rc2 37. Rd2 Rc3 38. f5 Qe8 39. Rd3 Rc1+ 40. Rd1 Nc3 41. Qd3 Nxd1 42. Nxd1 exf5 43. Qd2 Ra1 44.
Kf2 Qe5 45. Kg2 Kh7 46. Nf2 Rb1 47. Nd3 Qd5 48. Qc2 Ra1 49. Nf4 Qe5 50. Qd2 Rb1 51. Nd3 Qe7 52. Qc2 Ra1 53. Qb2 Rd1 54. Qc2 Ra1 55. Qb2 Qxe3 56. Qxa1 Qxd3 57. Qb2 Qe3 58. b4 h5 59. b5 h4 60. h3 Qf4 61. Qf2 Qa4 62. f4 Kg8 0-1

[Event "*** SCC Grand Prix: Titled Tuesday Blitz"]
[Site "Chess.com"]
[Date "2020.06.09"]
[Round "9"]
[White "Nbk90"]
[Black "Lagmantr"]
[Result "0-1"]
[WhiteElo "2553"]
[BlackElo "2721"]
[TimeControl "180+1"]
[EndTime "10:47:42 PDT"]
[Termination "Lagmantr won by resignation"]

1. Nf3 d5 2. g3 Nf6 3. Bg2 Bg4 4. O-O Nbd7 5. d4 e6 6. Nbd2 Be7 7. Re1 O-O 8. e4 dxe4 9. Nxe4 Nxe4 10. Rxe4 Nf6 11. Re1 c5 12. c3 Qb6 13. Qb3 Bxf3 14. Bxf3 cxd4 15. Qxb6 axb6 16. cxd4 Rfd8 17. Bxb7 Ra7 18. Bf3 Rxd4 19. Be3 Rb4 20. b3 Bc5 21. Bxc5 bxc5 22.
Rec1 Ra5 23. Bd1 g6 24. a3 Rb7 25. Kg2 Kg7 26. Rc4 Nd7 27. Rc3 Nb6 28. Bf3 Rba7 29.
a4 c4 30. bxc4 Nxa4 31. Rca3 R5a6 32. Bb7 Rxb7 33. Rxa4 Rxa4 34. Rxa4 Rb2 35. Ra7 Rc2 36. Rc7 h5 37. h4 e5 38. c5 Kf6 39. c6 e4 40. Kf1 Ke6 41. Ke1 f6 42. Rg7 Kf5 43. c7 g5 44. hxg5 fxg5 45. Kf1 Kg4 46. Re7 Kh3 47.
Rxe4 Rxc7 48. Ke2 Kg2 49. Re5 Rg7 50. Ke3 h4 51. gxh4 gxh4 52. Rh5 h3 53. f4 h2 54. f5 Rg3+ 55. Kf4 Rh3 56. Rg5+ Kf2 57. f6 h1=Q 58. Rf5 Rf3+ 59. Ke5 Rxf5+ 60. Kxf5 Qh8 0-1

[Event "*** SCC Grand Prix: Titled Tuesday Blitz"]
[Site "Chess.com"]
[Date "2020.06.09"]
[Round "9"]
[White "Munkhzul_Turmunkh"]
[Black "DrBergerBerger"]
[Result "1-0"]
[WhiteElo "2602"]
[BlackElo "2446"]
[TimeControl "180+1"]
[EndTime "10:47:45 PDT"]
[Termination "Munkhzul_Turmunkh won on time"]

1. e4 e6 2. d4 d5 3. Nc3 Nf6 4. e5 Nfd7 5. f4 c5 6. Nf3 Nc6 7. Be3 Be7 8. Qd2 O-O 9. dxc5 Qa5 10. O-O-O b6 11. Bb5 Nb4 12. c6 Nxa2+ 13. Nxa2 Qxa2 14. Qc3 Nc5 15. Qa3 Qxa3 16. bxa3 a6 17. Be2 Na4 18. Rd3 Ra7 19. Nd4 Rc7 20. g4 Bc5 21. Rf1 Bxd4 22. Bxd4 Rxc6 23. Kd2 Bd7 24. Rb3 b5 25. Bd3 Rfc8 26.
h4 Nc5 27. Bxc5 Rxc5 28. f5 d4 29. Rb4 Rd5 30. Rf4 exf5 31. Rbxd4 Rcc5 32. gxf5 Bc6 33. e6 Kf8 34. c3 Be8 35. Rxd5 Rxd5 36. Ke3 Ke7 37.
exf7 Bxf7 38. f6+ gxf6 39. Bxh7 Rc5 40. Kd2 Rh5 41. Bd3 Ke6 42. Ke3 f5 43. c4 Ke5 44.
cxb5 axb5 45. Bxb5 Bd5 46. Bd3 Be6 47. Rb4 Rh8 48.
a4 Rf8 49. Rb5+ Kf6 50. Kf4 Rh8 51. Kg3 Rg8+ 52. Kh2 f4 53. Be2 Rh8 54. h5 Bf5 55. a5 Ke6 56. Bf3 Kf6 57. a6 Rh7 58. Rb6+ Kg5 59.
Rb7 Rh8 60. a7 Bg4 61. Rb8 Bxf3 62. Rxh8 1-0

[Event "*** SCC Grand Prix: Titled Tuesday Blitz"]
[Site "Chess.com"]
[Date "2020.06.09"]
[Round "9"]
[White "northridgehawk"]
[Black "alexrustemov"]
[Result "1-0"]
[WhiteElo "2357"]
[BlackElo "2652"]
[TimeControl "180+1"]
[EndTime "10:47:47 PDT"]
[Termination "northridgehawk won on time"]

1. e4 e6 2. Nc3 d5 3. Nf3 dxe4 4. Nxe4 Bd7 5. d4 Bc6 6. Bd3 Nd7 7. O-O Ngf6 8. Nxf6+ Qxf6 9. Bg5 Bxf3 10. Qd2 Qxd4 11. gxf3 Bd6 12. Rfe1 Qc5 13. Bh4 Qh5 14. Bg3 O-O 15. Re4 Qxf3 16. Rh4 Nf6 17. Qg5 Rad8 18. Re1 Bxg3 19. hxg3 Rd5 20. Re5 Rfd8 21. Rf4 Qd1+ 22. Kg2 Qh5 23. Qxh5 Nxh5 24. Rfe4 Nf6 25. Re3 Rxe5 26.
Rxe5 Rd5 27. Re3 c6 28. f3 h5 29. Kf2 g6 30. Re2 Kf8 31. Re1 Ke7 32. Rd1 b6 33. Ke3 Re5+ 34. Kf2 Ra5 35. a3 Rc5 36. c4 Ra5 37. Ke3 Nd7 38. Kd4 Rg5 39. Rg1 e5+ 40.
Kc3 f5 41. Be2 f4 42. g4 hxg4 43. fxg4 Nf6 44. Bf3 e4 45. Bd1 Re5 46. Kd4 g5 47. Kxe5 e3 48. Kf5 Nd7 49. Bf3 Nc5 50. Kxg5 Nd3 51.
Rd1 Nxb2 52. Rd4 c5 53. Re4+ Kd6 54. Kxf4 Nd3+ 55. Kxe3 Ne5 56. g5 Ng6 57. Bg4 Ne5 58. Bf5 a6 59. g6 Nd7 60. g7 Nf6 61. Re6+ Kd7 62. Rxf6+ Ke7 63. g8=Q Kxf6 64. Qe6+ Kg5 65. Qxb6 Kxf5 66. Qxc5+ Ke6 67. Qd4 a5 68. c5 Ke7 69.
c6 Ke6 70. c7 1-0

[Event "*** SCC Grand Prix: Titled Tuesday Blitz"]
[Site "Chess.com"]
[Date "2020.06.09"]
[Round "9"]
[White "letsgoband"]
[Black "ZAbdumalik"]
[Result "1/2-1/2"]
[WhiteElo "2464"]
[BlackElo "2727"]
[TimeControl "180+1"]
[EndTime "10:47:48 PDT"]
[Termination "Game drawn - insufficient material"]

1. e4 e5 2. Nf3 Nc6 3. Bb5 a6 4. Ba4 Nf6 5. O-O Be7 6. Re1 b5 7.
Bb3 O-O 8. h3 Bb7 9. Nc3 d6 10.
a3 Na5 11. Ba2 c5 12. d3 Nc6 13. Nd5 Nxd5 14. Bxd5 Qd7 15. c3 Bf6 16. Bg5 Bxg5 17.
Nxg5 h6 18. Nf3 Ne7 19. Bxb7 Qxb7 20. d4 cxd4 21. cxd4 Ng6 22. Qb3 Rac8 23. Rad1 Rc4 24. dxe5 Nxe5 25. Nxe5 dxe5 26. Rd5 Qc7 27. Qd3 Rc1 28.
Rd1 Rxd1+ 29. Qxd1 Rc8 30. g3 Qc2 31. Qxc2 Rxc2 32.
Rxe5 Rxb2 33. Re8+ Kh7 34. Ra8 Ra2 35. Rxa6 b4 36. Kg2 Rxa3 37. Rb6 Rb3 38. h4 h5 39.
Rb5 g6 40. Rb7 Kg7 41. e5 Kf8 42. Kf1 Rb2 43. Kg2 b3 44. Kf3 Rb1 45. Kf4 b2 46. f3 Kg8 47. Kg5 Rg1 48. Rxb2 Rxg3+ 49. Kf4 Rh3 50. e6 fxe6 51. Kg5 Rg3+ 52. Kh6 Kf7 53. Rb7+ Kf6 54. f4 Rg4 55. Rg7 Kf5 56. Rf7+ Ke4 57.
Rf6 Rxf4 58. Rxe6+ Kf5 59. Rxg6 Rxh4 60. Rg5+ Kf6 61. Rxh5 Rg4 62. Rh1 Rg6+ 63. Kh5 Rg8 64. Rf1+ Kg7 65. Kg5 Kh7+ 66. Kh5 Kg7 67. Rg1+ Kf7 68.
Rxg8 Kxg8 1/2-1/2

[Event "*** SCC Grand Prix: Titled Tuesday Blitz"]
[Site "Chess.com"]
[Date "2020.06.09"]
[Round "9"]
[White "BlackBoarder"]
[Black "CrushingKings"]
[Result "0-1"]
[WhiteElo "2652"]
[BlackElo "2538"]
[TimeControl "180+1"]
[EndTime "10:47:48 PDT"]
[Termination "CrushingKings won on time"]

1. e4 g6 2. d4 Bg7 3. Nc3 c6 4.
Be3 d5 5. e5 f6 6. exf6 Nxf6 7. Nf3 O-O 8. Qd2 Bg4 9. Be2 Nbd7 10. O-O Bxf3 11. Bxf3 e5 12. Rae1 Qc7 13. g3 Rae8 14. Bg2 Ng4 15. dxe5 Nxe3 16. Rxe3 Rxe5 17. Rxe5 Nxe5 18. Re1 Nc4 19. Qe2 Nxb2 20. Nd1 Nxd1 21. Rxd1 Qe5 22. Qxe5 Bxe5 23. f4 Bd6 24. Re1 Kf7 25.
Bh3 Rd8 26. Kg2 a5 27. Kf3 a4 28. Be6+ Kf6 29. g4 g5 30. f5 Be5 31. h3 b5 32.
Rh1 h6 33. h4 gxh4 34. Rxh4 Kg7 35. Rh1 Bf6 36. Re1 Re8 37. Rd1 Bg5 38. Ke2 Kf6 39.
Kd3 Ke5 40. Re1+ Kd6 41. Rf1 Rf8 42. c3 c5 43. Kc2 c4 44. Rd1 Ke5 45. Rxd5+ Kf4 46.
Rxb5 Kxg4 47. f6+ Kf3 48. f7 Kf4 49. Rc5 h5 50. Rxc4+ Kg3 51. Rxa4 Bf4 52. Ra5 h4 53.
Rh5 Bd6 54. c4 Be7 55. Rh6 Ra8 56. Rg6+ Kf2 57. Rg8 Rxa2+ 58. Kd3 Ra3+ 59. Kd4 Rf3 60. c5 h3 61. c6 h2 62. Rh8 Bf6+ 63. Ke4 Bxh8 64.
c7 h1=Q 65. c8=Q Rc3+ 0-1

[Event "*** SCC Grand Prix: Titled Tuesday Blitz"]
[Site "Chess.com"]
[Date "2020.06.09"]
[Round "9"]
[White "topotun"]
[Black "Treacherous_horse64"]
[Result "1-0"]
[WhiteElo "2618"]
[BlackElo "2457"]
[TimeControl "180+1"]
[EndTime "10:47:48 PDT"]
[Termination "topotun won by checkmate"]

1. e4 c6 2. d4 d5 3. Nd2 dxe4 4. Nxe4 Nd7 5. Bc4 Ngf6 6. Ng5 e6 7. Qe2 Nd5 8. N1f3 Be7 9. c3 h6 10. Ne4 Qc7 11. Bb3 b5 12. Bd2 a6 13. a4 Bb7 14.
Bc2 b4 15. c4 N5f6 16. c5 a5 17. Nxf6+ Bxf6 18. Bd3 O-O-O 19. O-O e5 20. Bf5 exd4 21.
g3 g5 22. Qc4 Rhf8 23. Nxd4 Kb8 24. Bxd7 Rxd7 25. Nb3 Ka7 26. Rfe1 Ba6 27. Qg4 h5 28. Qf5 Bxb2 29. Rab1 Rd5 30. Qh7 Bf6 31. Qxh5 Bc4 32.
Be3 Bxb3 33. Rxb3 Rh8 34. Qf3 Bd4 35. Rd3 Rhd8 36. Rxd4 Rxd4 37. Bxd4 Rxd4 38. Qf6 g4 39. Kg2 Rd7 40. Qf5 Rd4 41. Qf6 Rd7 42. Qg5 Qd8 43.
Qxg4 b3 44. Qc4 Rb7 45. Rb1 b2 46. Qc3 Qd5+ 47. Kg1 Qa2 48. Qxa5+ Kb8 49. Qe1 Qxa4 50. h4 Qc2 51. h5 Ra7 52. Qe5+ Ka8 53. Qxb2 Qh7 54.
Qb8# 1-0

[Event "*** SCC Grand Prix: Titled Tuesday Blitz"]
[Site "Chess.com"]
[Date "2020.06.09"]
[Round "9"]
[White "mbojan"]
[Black "LisikValera"]
[Result "1/2-1/2"]
[WhiteElo "2639"]
[BlackElo "2487"]
[TimeControl "180+1"]
[EndTime "10:47:51 PDT"]
[Termination "Game drawn by repetition"]

1. e4 e6 2. d4 d5 3. Nc3 Bb4 4. e5 Ne7 5. Bd2 b6 6. Qg4 O-O 7. Nf3 Ba6 8. Bxa6 Nxa6 9. h4 c5 10. h5 f5 11. exf6 Rxf6 12. O-O-O Nc7 13. Rhe1 Qf8 14.
Bg5 Rxf3 15. Bxe7 Qf4+ 16. Qxf4 Rxf4 17. Bd6 Rf7 18. Bxc7 Bxc3 19. bxc3 Rxc7 20. Rxe6 Rac8 21. Rd2 cxd4 22. cxd4 Rc4 23. Re5 Rd8 24. Kb2 Rd7 25. c3 Kf7 26. Rd3 Rc6 27. Rf3+ Rf6 28. Rxf6+ gxf6 29. Re3 Rd8 30. g4 Rg8 31. f3 h6 32.
Kb3 Rc8 33. Re1 a6 34. Rc1 b5 35. Re1 a5 36. Re3 Rc4 37. f4 b4 38. cxb4 Rxb4+ 39. Kc3 Ra4 40. Re2 Ra3+ 41. Kb2 Rg3 42. Rc2 Rxg4 43. f5 Rg5 44. Rc7+ Ke8 45. Rc5 Rxf5 46. Rxa5 Rxh5 47. Rc5 Kd7 48. a4 Kd6 49. a5 Rh2+ 50.
Kb3 Rh1 51. Rc2 Ra1 52. Kb4 Ke6 53. Kb5 Kf5 54. a6 Ke4 55. Kb6 Kxd4 56. Rh2 f5 57. Rxh6 f4 58. a7 f3 59. Kb7 Rxa7+ 60. Kxa7 f2 61.
Rf6 Ke3 62. Kb6 d4 63. Kc5 d3 64. Re6+ Kd2 65. Rf6 Ke2 66. Re6+ Kd1 67. Rf6 Ke2 68. Re6+ Kd2 69. Rf6 Ke2 1/2-1/2

[Event "*** SCC Grand Prix: Titled Tuesday Blitz"]
[Site "Chess.com"]
[Date "2020.06.09"]
[Round "9"]
[White "Bubachess1608"]
[Black "Chess2019Player"]
[Result "1-0"]
[WhiteElo "2282"]
[BlackElo "2162"]
[TimeControl "180+1"]
[EndTime "10:47:55 PDT"]
[Termination "Bubachess1608 won on time"]

1. e4 e6 2. d3 d5 3. Nd2 Nf6 4. Ngf3 b6 5. g3 dxe4 6. dxe4 Bc5 7. Bg2 Ba6 8. Bf1 Bb7 9. Bb5+ Bc6 10. Bd3 O-O 11. O-O Nbd7 12. Qe2 e5 13. c3 a5 14. a4 Qe7 15. Bb5 Bxb5 16. axb5 Rad8 17. Rd1 Rfe8 18. Nf1 Nf8 19. Bg5 h6 20. Bxf6 Qxf6 21. Ne3 Bxe3 22. Qxe3 Ne6 23. b4 axb4 24. cxb4 Nd4 25. Nxd4 exd4 26. Qd3 Qe5 27. f3 Rd7 28. Re1 Qd6 29. Rab1 Ra8 30. Re2 Ra4 31. e5 Qd5 32. Qe4 Qxe4 33.
Rxe4 d3 34. Kf1 Ra2 35. h4 d2 36. Rd1 Rc2 37. Ke2 Rd5 38. f4 Rb2 39. g4 Rxb5 40.
Rxd2 R5xb4 41. Rxb4 Rxb4 42. Ke3 c5 43. Rd8+ Kh7 44. h5 b5 45. Rd7 c4 46. Rxf7 c3 47.
Kd3 Rc4 48. Kc2 b4 49. Rb7 Kg8 50. e6 Kf8 51. Rf7+ Kg8 52. Rb7 Rxf4 53. e7 Kf7 54. Kb3 Rxg4 55. Rc7 Re4 56. Rb7 Rxe7 57. Rxb4 Re3 58.
Kc2 Rh3 59. Rb5 Kf6 60. Rc5 g6 61. Rc6+ Kg5 62. hxg6 Rg3 63. g7 Kh4 64. Rc7 h5 65. Rd7 Kh3 66. Rd3 h4 67. g8=Q 1-0

[Event "*** SCC Grand Prix: Titled Tuesday Blitz"]
[Site "Chess.com"]
[Date "2020.06.09"]
[Round "9"]
[White "tylityli"]
[Black "rugbyclub"]
[Result "1-0"]
[WhiteElo "2261"]
[BlackElo "2112"]
[TimeControl "180+1"]
[EndTime "10:47:56 PDT"]
[Termination "tylityli won on time"]

1. d4 Nf6 2. c4 e6 3. Nc3 Bb4 4.
e3 O-O 5. Ne2 d5 6. a3 Bd6 7. c5 Be7 8. b4 a5 9. Bb2 Nbd7 10. f4 Re8 11. Ng3 g6 12. b5 Nf8 13.
Bd3 N6d7 14. O-O f6 15. e4 c6 16. e5 fxe5 17. fxe5 cxb5 18. Nxb5 Nb8 19. Nd6 Bxd6 20.
cxd6 Nc6 21. Qf3 Qd7 22. Bb5 Qg7 23. h4 Bd7 24. Bd3 Bc8 25. Qf2 Nd7 26. Bc1 Nb6 27. Bg5 Bd7 28. Bf6 Qh6 29. h5 Bc8 30. hxg6 hxg6 31.
Rad1 Nd7 32. Be7 Qg7 33. Bg5 Rb8 34. Qe3 b5 35. Bh6 Qh7 36. Nh5 Nxd4 37. Nf6+ Nxf6 38. Rxf6 Nf5 39. Bxf5 exf5 40. Rxd5 Be6 41. Rxe6 Rxe6 42. d7 Rd8 43. Bg5 Rxd7 44. Rc5 Rd1+ 45. Kf2 Qd7 46. Bf6 Rd2+ 47. Kf1 Ra2 48. Kg1 Ra1+ 49. Kh2 Qh7+ 50. Kg3 Rxf6 51. exf6 f4+ 52. Qxf4 Rxa3+ 53. Kf2 Ra2+ 54. Kg1 Ra1+ 55. Kf2 Ra2+ 56. Kg1 Ra1+ 57. Rc1 Rxc1+ 58. Qxc1 Qa7+ 59. Kh2 Kf7 60. Qg5 Qc7+ 61. Kh3 Qd7+ 62. Kh2 a4 63. Qf4 a3 64. Qf2 Qd6+ 65. Kh3 Qe6+ 66. Kh2 Qxf6 67. Qa2+ Qe6 68. Qxa3 1-0